 Dungeon Crawl Stone Soup version 0.21-a0-79-g04744e2 (webtiles) character file.

9263 HAL9000 the Covert (level 11, 0/62 HPs)
             Began as a Vine Stalker Assassin on June 22, 2017.
             Was a Priest of Dithmenos.
             Slain by an orc warrior
             ... wielding a +0 long sword
              (10 damage)
             ... on level 12 of the Dungeon.
             The game lasted 00:35:11 (11933 turns).

HAL9000 the Covert (Vine Stalker Assassin)         Turns: 11933, Time: 00:35:12

Health: 0/62       AC:  9    Str: 17    XL:     11   Next: 43%
Magic:  0/12       EV: 11    Int: 11    God:    Dithmenos [***...]
Gold:   688        SH:  0    Dex: 16    Spells: 10/10 levels left

rFire    . . .     SeeInvis .   a - +3 dagger
rCold    . . .     Gourm    +   (no shield)
rNeg     + . .     Faith    .   q - +2 robe {MR+}
rPois    .         Spirit   +   L - +0 helmet
rElec    .         Reflect  .   d - +0 cloak
rCorr    .         Harm     .   z - +1 pair of gloves
MR       +++..                  Z - +0 pair of boots
Stlth    ++++++++..             V - amulet of the gourmand
HPRegen  0.60/turn              I - ring of protection from magic
MPRegen  0.13/turn              t - ring of positive energy

@: about to teleport, wreathed by umbra
A: fangs 3, regeneration 1, magic shield, antimagic bite, no potion heal 3, rot
immunity
a: Shadow Step, Renounce Religion


You were on level 12 of the Dungeon.
You worshipped Dithmenos.
Dithmenos was most pleased with you.
You were very full.

You visited 2 branches of the dungeon, and saw 13 of its levels.
You also visited: Sewer.

You collected 688 gold pieces.

Inventory:

Hand Weapons
 a - a +3 dagger (weapon)
 b - a +0 blowgun
 B - a +0 rapier
Missiles
 c - 6 poisoned javelins
 e - 119 poisoned needles
 f - 5 curare-tipped needles
 n - 2 javelins of returning (quivered)
 s - a throwing net
Armour
 d - a +0 cloak (worn)
 q - a +2 robe of magic resistance (worn)
 z - a +1 pair of gloves (worn)
 L - a +0 helmet (worn)
 Z - a +0 pair of boots (worn)
Jewellery
 t - a ring of positive energy (right hand)
 w - an uncursed ring of fire
 I - a ring of protection from magic (left hand)
 V - an amulet of the gourmand (around neck)
Wands
 j - a wand of confusion (21/48)
 l - a wand of digging (11/24)
 o - a wand of digging (12/24)
 y - a wand of iceblast (1/15)
 A - a wand of enslavement (4/24)
 K - a wand of paralysis (17/24)
 S - a wand of enslavement (7/24)
 U - a wand of disintegration (5/24)
Scrolls
 m - a scroll of enchant armour {unknown}
 r - a scroll of enchant weapon
 v - a scroll of vulnerability {unknown}
 D - a scroll of identify
 H - 2 scrolls of amnesia {unknown}
 M - a scroll of summoning {unknown}
 N - a scroll of teleportation
 P - 2 scrolls of magic mapping
 Q - a scroll of fog
 R - a scroll of recharging
 T - 3 scrolls of remove curse
 X - 3 scrolls of blinking
Potions
 h - 5 potions of might
 k - 2 potions of ambrosia
 p - a potion of degeneration {unknown}
 x - a potion of haste
 C - 4 potions of flight
 E - 3 potions of curing
 G - a potion of invisibility
 J - 8 potions of brilliance
 O - 2 potions of cancellation {unknown}
 W - 2 potions of agility
Books
 F - a book of Misfortune

   Spells                             Type                      Level
   a - Confusing Touch                Hexes                        1
   b - Confuse                        Hexes                        3
   c - Gell's Gravitas                Translocation                3
   d - Petrify                        Transmutation/Earth          4
   e - Metabolic Englaciation         Hexes/Ice                    5
   f - Yara's Violent Unravelling     Hexes/Transmutation          5
Comestibles
 g - 8 bread rations
 i - 4 meat rations
 u - 5 royal jellies
 Y - 5 fruits


   Skills:
 + Level 9.0 Fighting
 - Level 10.0 Short Blades
 - Level 1.7 Throwing
 - Level 0.7 Dodging
 + Level 13.6 Stealth


You had 10 spell levels left.
You didn't know any spells.

Dungeon Overview and Level Annotations

Branches:
Dungeon (12/15)            Temple (1/1) D:7            Lair (0/6) D:11
    Orc (0/2) D:12

Altars:
Ashenzari
Cheibriados
Dithmenos
Elyvilon
Fedhas
Gozag
Hepliaklqana
Kikubaaqudgha
Makhleb
Nemelex Xobeh
Okawaru
Qazlal
Ru
Sif Muna
Trog
Uskayaw
Vehumet
Wu Jian
Xom
Yredelemnul
Zin
The Shining One

Annotations:
D:11 Snorg


Innate Abilities, Weirdness & Mutations

You have razor-sharp teeth.
Your natural rate of healing is unusually fast.
When hurt, damage is shared between your health and your magic reserves.
Your bite disrupts and absorbs the magic of your enemies.
Potions cannot restore your health.
You are immune to rotting.


Message History

The orc warrior is almost dead.
You hit the orc warrior but do no damage.
Your bite misses the orc warrior.
The orc warrior is almost dead.
You hit the orc warrior but do no damage.
Your bite misses the orc warrior.
The orc warrior is almost dead.
The orc warrior hits you with a long sword!!
* * * LOW HITPOINT WARNING * * *
You hit the orc warrior but do no damage.
Your bite misses the orc warrior.
The orc warrior is almost dead.
You hit the orc warrior. Your bite misses the orc warrior.
The orc warrior is almost dead.
The orc warrior barely misses you.
Unknown command.
As you read the scroll of teleportation, it crumbles to dust.
You feel strangely unstable.
The orc warrior hits you with a long sword!
You die...

#......#.' ...#
##......#.# ...#
.... ....#######.##
##'####........#.##
#.)..o#........#...
##)##.#.o....>.#...
#o##.#..oo....#'##
#o##ooo.o........#
#@##.#.........#..
####.#............
#.######....... .Y#
#....#.# ..#
#.#..#.# ####
#......# ##..<..#
#.....


You could see an orc warrior and an orc.

Vanquished Creatures
  3 two-headed ogres
  Pikel (D:4)
  Psyche (D:9)
  3 hippogriffs
  A wyvern (D:10)
  3 hungry ghosts
  A water moccasin (D:8)
  2 ice beasts
  A sky beast (D:10)
  A black bear (D:9)
  2 eyes of draining (D:9)
  3 orc warriors
  2 slaves
  2 necrophages
  7 ogres
  4 centaurs
  2 big kobolds
  6 bullfrogs
  2 scorpions
  11 killer bees (D:7)
  2 water moccasin skeletons (D:7)
  5 wights (D:10)
  8 howler monkeys
  4 crimson imps
  A quasit (D:9)
  3 hounds
  4 centaur skeletons
  4 orc priests
  2 iguanas
  4 jellies
  5 orc wizards
  A bullfrog skeleton (D:4)
  9 worker ants
  A killer bee zombie (D:5)
  A hound zombie (D:8)
  4 hound skeletons
  A mummy (D:8)
  A worker ant zombie (D:5)
  6 gnolls
  8 river rats (Sewer)
  16 adders
  2 howler monkey skeletons
  3 oozes
  An adder zombie (D:8)
  2 worms
  2 adder skeletons
  4 dart slugs
  5 leopard geckos
  22 orcs
  7 giant cockroaches
  6 goblins
  4 hobgoblins
  6 jackals
  24 kobolds
  5 quokkas
  8 ball pythons
  A ball python skeleton (D:4)
  7 bats
  3 frilled lizards
  A kobold zombie (D:8)
  A leopard gecko zombie (D:5)
  3 orc zombies (D:8)
  2 quokka skeletons
  A quokka zombie (D:7)
  22 rats
290 creatures vanquished.

Vanquished Creatures (others)
  A hound (D:4)
1 creature vanquished.

Grand Total: 291 creatures vanquished

Notes
Turn   | Place    | Note
-------+----------+-------------------------------------------
     0 | D:1      | HAL9000 the Vine Stalker Assassin began the quest for the Orb.
     0 | D:1      | Reached XP level 1. HP: 11/11 MP: 2/2
   178 | D:1      | Reached XP level 2. HP: 9/15 MP: 1/3
   694 | D:2      | Reached XP level 3. HP: 18/18 MP: 4/4
   957 | D:2      | Gained mutation: Your natural rate of healing is unusually fast. [Vine Stalker growth]
   957 | D:2      | Reached XP level 4. HP: 23/23 MP: 5/5
  1683 | D:3      | Found a basalt altar of Yredelemnul.
  1702 | D:3      | Found a shimmering altar of Xom.
  2199 | D:4      | Reached XP level 5. HP: 26/26 MP: 6/6
  2419 | D:4      | Noticed a slave
  2420 | D:4      | Noticed a slave
  2420 | D:4      | Noticed Pikel
  2482 | D:3      | Noticed an orc warrior
  2507 | D:3      | Killed a slave
  2633 | D:3      | Killed an orc warrior
  2633 | D:3      | Reached skill level 5 in Short Blades
  2633 | D:3      | Reached XP level 6. HP: 26/30 MP: 5/7
  3005 | D:4      | Noticed a slave
  3027 | D:4      | Killed a slave
  3083 | D:4      | Found a radiant altar of Vehumet.
  3203 | D:4      | Killed Pikel
  3203 | D:4      | Reached skill level 6 in Stealth
  3203 | D:4      | Reached XP level 7. HP: 23/34 MP: 8/8
  3528 | D:5      | Entered Level 5 of the Dungeon
  3613 | D:5      | Gained mutation: You have razor-sharp teeth. [Vine Stalker growth]
  3613 | D:5      | Reached XP level 8. HP: 17/38 MP: 5/9
  4220 | D:4      | Reached skill level 7 in Stealth
  4401 | D:5      | Found a hazy altar of Hepliaklqana.
  5307 | D:6      | Found a glowing drain.
  5326 | Sewer    | Entered a sewer
  5498 | Sewer    | Reached XP level 9. HP: 40/42 MP: 10/10
  6248 | D:6      | Found a deep blue altar of Sif Muna.
  6269 | D:6      | Reached skill level 10 in Short Blades
  6652 | D:7      | Found a staircase to the Ecumenical Temple.
  6764 | Temple   | Entered the Ecumenical Temple
  6963 | Temple   | Became a worshipper of Dithmenos the Shadowed
  7078 | D:7      | Reached skill level 8 in Stealth
  7514 | D:7      | Reached skill level 9 in Stealth
  7892 | D:8      | Reached skill level 5 in Fighting
  7918 | D:8      | Reached XP level 10. HP: 33/51 MP: 11/11
  7919 | D:8      | Reached * piety under Dithmenos
  7983 | D:8      | Reached skill level 10 in Stealth
  8884 | D:8      | Reached skill level 11 in Stealth
  8952 | D:8      | Found a glowing silver altar of Zin.
  9057 | D:8      | Reached ** piety under Dithmenos
  9149 | D:8      | Noticed a two-headed ogre
  9164 | D:8      | Killed a two-headed ogre
  9301 | D:9      | Noticed Psyche
  9398 | D:9      | Killed Psyche
  9413 | D:9      | Reached skill level 12 in Stealth
  9529 | D:9      | Found a glowing golden altar of the Shining One.
  9635 | D:9      | Found a bloodstained altar of Trog.
  9821 | D:9      | Found an ancient bone altar of Kikubaaqudgha.
  9834 | D:9      | Found a hide-covered altar of Uskayaw.
  9973 | D:9      | Found a sacrificial altar of Ru.
 10142 | D:10     | Entered Level 10 of the Dungeon
 10540 | D:10     | Reached XP level 11. HP: 55/60 MP: 10/12
 10891 | D:10     | Noticed a two-headed ogre
 10943 | D:10     | Killed a two-headed ogre
 10943 | D:10     | Reached skill level 13 in Stealth
 11259 | D:11     | Reached *** piety under Dithmenos
 11276 | D:11     | Noticed a skeletal warrior
 11277 | D:11     | Noticed Snorg
 11277 | D:11     | Noticed a skeletal warrior
 11277 | D:11     | Noticed a skeletal warrior
 11278 | D:11     | Noticed a skeletal warrior
 11279 | D:11     | Noticed a skeletal warrior
 11375 | D:11     | Noticed a two-headed ogre
 11404 | D:11     | Killed a two-headed ogre
 11496 | D:11     | Found a staircase to the Lair.
 11624 | D:12     | Noticed a centaur warrior
 11861 | D:12     | Found a staircase to the Orcish Mines.
 11933 | D:12     | Slain by an orc warrior

Vault maps used:
D:1:      tarquinn_simple_flora_water_a
D:2:      minmay_diamond_boxcup
D:3:      lemuel_crystal_altar, lemuel_crystal_altar, minmay_hedge_maze
D:4:      vehumet_crystals, first_bread, uniq_pikel
D:5:      lemuel_crystal_altar
D:6:      led_sif_pool, gup_sewer_entry_glass
D:7:      minmay_temple_entry_glass
D:8:      zin_statuary, minmay_mini_ossuary
D:9:      old_standard_altar, trog_eyes_of_draining, tso_metal_star,
          nicolae_ru_awakened_eye, eat_drink_and_be_merry_uskayaw, uniq_psyche
D:11:     minmay_lair_entry_lava, serial_shops,
          nicolae_shop_competitors_out_of_business, kennysheep_nub,
          hangedman_fish_farm, uniq_snorg
D:12:     minmay_orc_entry_temple_small, serial_shops, shop
Temple:   minmay_temple_curvy_loop
Sewer:    sewer_minmay_treatment

Skill      XL: |  1  2  3  4  5  6  7  8  9 10 11 |
---------------+----------------------------------+-----
Short Blades   | 2 3 4 5 7 9 10 | 10.0
Stealth        | 6 7 9 12 13 | 13.6
Fighting       | 5 8 9 |  9.0
Throwing       | |  1.7
Dodging        | |  0.7

Action                   |  1- 3 |  4- 6 |  7- 9 | 10-12 || total
-------------------------+-------+-------+-------+-------++-------
Melee: Dagger            |    83 |   128 |   513 |   534 ||  1258
       Bite              |    22 |    44 |   184 |   195 ||   445
       Unarmed           |       |    20 |       |       ||    20
 Fire: Blowgun           |       |    26 |     2 |    15 ||    43
Throw: Javelin           |       |       |       |     3 ||     3
  Use: Scroll            |       |       |    24 |     3 ||    27
       Potion            |       |       |     5 |       ||     5
 Stab: Sleeping          |     9 |    12 |    13 |    10 ||    44
       Distracted        |       |     1 |       |     2 ||     3
       Invisible         |       |       |     6 |       ||     6
  Eat: Chunk             |       |     7 |    33 |    26 ||    66
Armor: Robe              |    26 |    19 |   103 |   109 ||   257
       Skin              |       |     2 |       |       ||     2
Dodge: Dodged            |    49 |    71 |   210 |   235 ||   565
